 Dungeon Crawl Stone Soup version 0.24.0-28-g17ded55e90 (webtiles) character file.

Game seed: 5542712943352727934, levelgen mode: deterministic

1388 Curus the Cruncher (level 8, 0/44 HPs)
             Began as a Gargoyle Gladiator on Nov 13, 2019.
             Was an Initiate of Makhleb.
             Slain by an orc warrior
             ... wielding a +0 battleaxe
              (10 damage)
             ... on level 6 of the Dungeon.
             The game lasted 00:22:34 (5292 turns).

Curus the Cruncher (Gargoyle Gladiator)             Turns: 5292, Time: 00:22:35

Health: 0/44       AC: 18    Str: 18    XL:     8   Next: 68%
Magic:  8/8        EV:  8    Int:  9    God:    Makhleb [......]
Gold:   333        SH:  0    Dex: 13    Spells: 7/7 levels left

rFire    . . .     SeeInvis .   a - +2 quarterstaff
rCold    . . .     Gourm    .   (shield currently unavailable)
rNeg     + . .     Faith    .   e - +0 chain mail
rPois    ∞         Spirit   .   p - +2 helmet
rElec    +         Reflect  .   r - +0 cloak
rCorr    .         Harm     .   (no gloves)
MR       +....                  n - +0 pair of boots
Stlth    ..........             j - amulet of the acrobat
HPRegen  0.14/turn              k - ring of protection from magic
MPRegen  0.11/turn              (no ring)

@: no status effects
A: negative energy resistance 1, electricity resistance, unbreathing,
petrification resistance, rot immunity, AC +5
a: Renounce Religion


You were on level 6 of the Dungeon.
You worshipped Makhleb.
Makhleb was noncommittal.
You were very hungry.

You visited 1 branch of the dungeon, and saw 6 of its levels.

You collected 333 gold pieces.

Inventory:

Hand Weapons
 a - a +2 quarterstaff (weapon)
Missiles
 d - 6 throwing nets (quivered)
Armour
 b - a +0 leather armour
 c - a +1 helmet
 e - a +0 chain mail (worn)
 i - a +0 ring mail
 n - a +0 pair of boots (worn)
 p - a +2 helmet (worn)
 r - a +0 cloak (worn)
Jewellery
 j - an amulet of the acrobat (around neck)
 k - a ring of protection from magic (left hand)
 s - an uncursed ring of attention
 t - an uncursed ring of poison resistance
Wands
 q - a wand of polymorph (5)
Scrolls
 h - 6 scrolls of identify
 l - 3 scrolls of fog
 m - a scroll of amnesia
 u - a scroll of remove curse
Potions
 g - 5 potions of curing
 o - a potion of heal wounds
Comestibles
 f - 8 rations


   Skills:
 - Level 2.1 Fighting
 + Level 10.7 Staves
 - Level 1.7 Throwing
 - Level 2.4 Dodging


You had 7 spell levels left.
You didn't know any spells.
Your spell library contained the following spells:

 Spells                   Type           Power        Failure   Level  Hunger
 Beastly Appendage        Tmut           #.....       100%        1    ##.....
 Sticks to Snakes         Tmut           #.......     100%        2    ###....
 Spider Form              Tmut/Pois      #.........   100%        3    ####...
 Ice Form                 Ice/Tmut       #.......     100%        4    #####..
 Blade Hands              Tmut           #.........   100%        5    ######.


Dungeon Overview and Level Annotations

Branches:
Dungeon (6/15)             Temple (0/1) D:6

Altars:
Dithmenos
Gozag
Hepliaklqana
Makhleb
Ru
Wu Jian
Zin
The Shining One


Innate Abilities, Weirdness & Mutations

You are resistant to torment.
Your stone body is resilient. (AC +5)
You are immune to poison.
You resist negative energy. (rN+)
You are resistant to electric shocks. (rElec)
You can survive without breathing.
You are immune to petrification.
You are immune to rotting.


Message History

You hit the orc warrior.
The orc warrior is moderately wounded.
The orc wizard hits you but does no damage.
The orc warrior barely misses you.
You hit the orc warrior.
The orc warrior is heavily wounded.
The orc wizard gestures at you while chanting.
The magic dart hits you but does no damage.
You hit the orc warrior but do no damage.
The orc warrior is heavily wounded.
The orc warrior hits you with a +0 battleaxe!
* * * LOW HITPOINT WARNING * * *
The orc wizard hits you but does no damage.
You thump the orc wizard!
You kill the orc wizard!
Makhleb accepts your kill.
You hit the orc warrior.
The orc warrior is severely wounded.
The orc warrior hits you with a +0 battleaxe!
You die...

######## #..(...#
##....#.# #...#.#.#
##.......##
#...#.#...###
##...#.###...#########
#...##...###...o@....#
....#........#.o######
...##..>..##...#o{...#
.#........#..##.o.......
...###...##.##..........
##..(###.#.. #..........
.......#.#.. #......<...
............ ...........
#######.#.# ##..........


You could see an orc warrior and an orc.

Vanquished Creatures
  A water moccasin (D:6)
  A phantom (D:4)
  2 ogres
  A centaur (D:5)
  A big kobold (D:5)
  A bullfrog (D:6)
  A scorpion (D:6)
  A howler monkey (D:6)
  2 hounds
  2 orc priests
  An iguana (D:5)
  6 orc wizards
  A worker ant (D:5)
  Natasha (thrice) (D:3)
  A hound skeleton (D:5)
  A howler monkey zombie (D:6)
  Robin (D:4)
  4 gnolls (D:3)
  A howler monkey skeleton (D:4)
  9 adders
  2 oozes
  3 worms (D:2)
  A dart slug (D:1)
  3 leopard geckos (D:1)
  12 orcs
  2 ball pythons (D:2)
  5 giant cockroaches
  19 goblins
  10 hobgoblins
  4 jackals (D:4)
  14 kobolds
  3 quokkas
  6 bats
  2 frilled lizards
  A leopard gecko skeleton (D:4)
  2 quokka skeletons (D:4)
  8 rats
138 creatures vanquished.

Notes
Turn   | Place    | Note
-------+----------+-------------------------------------------
     0 | D:1      | Curus the Gargoyle Gladiator began the quest for the Orb.
     0 | D:1      | Reached XP level 1. HP: 12/12 MP: 1/1
    61 | D:1      | Reached XP level 2. HP: 17/17 MP: 2/2
   427 | D:1      | Reached skill level 4 in Staves
   442 | D:1      | Reached XP level 3. HP: 19/21 MP: 3/3
  1094 | D:2      | Reached XP level 4. HP: 26/26 MP: 4/4
  1350 | D:2      | Reached skill level 5 in Staves
  1849 | D:3      | Noticed Natasha
  1859 | D:3      | Killed Natasha
  1859 | D:3      | Reached XP level 5. HP: 12/30 MP: 5/5
  1867 | D:3      | Noticed Natasha
  1884 | D:3      | Killed Natasha
  1941 | D:2      | Found an ornate altar of the Wu Jian Council.
  2005 | D:3      | Noticed Natasha
  2016 | D:3      | Killed Natasha
  2016 | D:3      | Reached skill level 6 in Staves
  2279 | D:3      | Reached XP level 6. HP: 10/35 MP: 6/6
  2532 | D:3      | Found a glowing golden altar of the Shining One.
  2941 | D:3      | Reached skill level 7 in Staves
  3262 | D:4      | Noticed Robin
  3272 | D:4      | Killed Robin
  3529 | D:4      | Reached XP level 7. HP: 40/40 MP: 7/7
  3536 | D:4      | Reached skill level 8 in Staves
  3846 | D:4      | Found a sacrificial altar of Ru.
  3867 | D:4      | You fall into a shaft and drop 1 floor!
  3867 | D:5      | Entered Level 5 of the Dungeon
  4043 | D:4      | Found a shadowy altar of Dithmenos.
  4117 | D:5      | Found an opulent altar of Gozag.
  4171 | D:5      | Reached skill level 9 in Staves
  4423 | D:5      | Reached XP level 8. HP: 35/44 MP: 8/8
  4771 | D:5      | Found a burning altar of Makhleb.
  4771 | D:5      | Noticed a blizzard demon
  4774 | D:5      | Noticed an orange demon
  4774 | D:5      | Noticed a ynoxinul
  4776 | D:5      | Became a worshipper of Makhleb the Destroyer
  5054 | D:6      | Reached skill level 10 in Staves
  5170 | D:6      | Found a glowing silver altar of Zin.
  5170 | D:6      | Found a hazy altar of Hepliaklqana.
  5232 | D:6      | Found a staircase to the Ecumenical Temple.
  5292 | D:6      | Slain by an orc warrior

Levels and vault maps discovered:
D:1:      onia_arrival_larder, layout_rooms
D:2:      lemuel_upstairs_altar, layout_loops_ring, first_ration, minivault_27
D:3:      layout_basic, lemuel_round_altar, uniq_natasha
D:4:      minmay_chambers_of_twos, layout_gridville, kennysheep_mini_moat,
          overflow_temple_1_default, minmay_misc_feat_rows, uniq_robin
D:5:      layout_cave_pods, makhleb_altar_promises_db, minmay_misc_feat_pillars,
          hangedman_decor_riveting, minmay_misc_feat_tiny, lemuel_tele_altar
D:6:      layout_rooms, chequers_temple_overflow_statue_of_worship,
          minmay_temple_entry_slanted, basic_altar

Skill      XL: |  1  2  3  4  5  6  7  8 |
---------------+-------------------------+-----
Staves         | 4 5 6 7 9 10 | 10.7
Fighting       | |  2.1
Throwing       | |  1.7
Dodging        | |  2.4

Action                   |  1- 3 |  4- 6 |  7- 9 || total
-------------------------+-------+-------+-------++-------
Melee: Quarterstaff      |   109 |   212 |   214 ||   535
  Use: Potion            |     5 |     1 |     3 ||     9
       Scroll            |       |     7 |     4 ||    11
  Eat: Chunk             |     1 |     4 |     5 ||    10
       Ration            |       |     1 |       ||     1
Armor: Leather armour    |    28 |    14 |       ||    42
       Ring mail         |       |    38 |       ||    38
       Chain mail        |       |   104 |   133 ||   237
Dodge: Dodged            |    76 |   118 |    84 ||   278
